[Event "39th Olympiad Khanty-Mansiysk 2010"]
[Site "Khanty-Mansiysk/Russia"]
[Date "2010.09.22"]
[Round "1"]
[White "Alvarez, Marquez Johann"]
[Black "Vitiugov, Nikita"]
[Result "1/2-1/2"]
[WhiteElo "2414"]
[BlackElo "2709"]
[PlyCount "54"]
[EventDate "2010.??.??"]
[WhiteTeam "Venezuela"]
[BlackTeam "RU2"]
[WhiteTeamCountry "VEN"]
[TimeControl "40/5400+30:1800+30"]

1. d4 Nf6 2. c4 e6 3. Nc3 Bb4 4. Qc2 O-O 5. a3 Bxc3+ 6. Qxc3 d6 7. Bg5 Nbd7 8.
f3 h6 9. Bh4 d5 10. e3 Re8 11. cxd5 exd5 12. Bf2 Nb6 13. Bd3 Nc4 14. Ne2 Nd6
15. Qc2 Bd7 16. a4 Qc8 17. Ng3 b6 18. O-O c5 19. dxc5 bxc5 20. b3 Qc6 21. Rfc1
Rac8 22. Qd2 Qb7 23. Rab1 Rc6 24. b4 cxb4 25. Rxc6 Qxc6 26. Qxb4 Nc4 27. e4
Qxa4 1/2-1/2

[Event "39th Olympiad Khanty-Mansiysk 2010"]
[Site "Khanty-Mansiysk/Russia"]
[Date "2010.09.22"]
[Round "1"]
[White "Noritsyn, Nikolay"]
[Black "Khamrakulov, Dzhurabek"]
[Result "1/2-1/2"]
[WhiteElo "2414"]
[BlackElo "2485"]
[PlyCount "107"]
[EventDate "2010.??.??"]
[WhiteTeam "Canada"]
[BlackTeam "Uzbekistan"]
[WhiteTeamCountry "CAN"]
[BlackTeamCountry "UZB"]
[TimeControl "40/5400+30:1800+30"]

1. c4 e5 2. Nc3 Nf6 3. Nf3 Nc6 4. a3 d5 5. cxd5 Nxd5 6. d3 Be7 7. e3 Be6 8. Be2
Nb6 9. b4 f6 10. O-O O-O 11. Bb2 Qe8 12. Rc1 Rd8 13. Qc2 Qf7 14. Nd2 Rd7 15.
Nce4 Rfd8 16. Rfe1 a6 17. Qb1 Ba2 18. Qa1 Bd5 19. Ng3 g6 20. Nde4 Na4 21. Nc3
Nxc3 22. Bxc3 Na7 23. Qb2 Nb5 24. Bd2 Nd6 25. Rf1 f5 26. e4 fxe4 27. Nxe4 Nxe4
28. dxe4 Bxe4 29. Qxe5 Rxd2 30. Qxe4 R8d4 31. Qe3 Bg5 32. Qxg5 Rxe2 33. Qc5 Rd7
34. Rfd1 Red2 35. Rxd2 Rxd2 36. g3 c6 37. Re1 Rd5 38. Qa7 Kg7 39. Qb8 Qd7 40.
Qf4 Rd1 41. Qe5+ Kf7 42. Rxd1 Qxd1+ 43. Kg2 Qd7 44. h3 h5 45. Qf4+ Kg7 46. g4
hxg4 47. hxg4 a5 48. f3 axb4 49. axb4 Qe7 50. Qd4+ Kf7 51. Qc4+ Kg7 52. Kf2 g5
53. Qd4+ Kf7 54. f4 1/2-1/2

[Event "39th Olympiad Khanty-Mansiysk 2010"]
[Site "Khanty-Mansiysk/Russia"]
[Date "2010.09.22"]
[Round "1"]
[White "Pancevski, Filip"]
[Black "Hernandez Guerrero, Gilbe"]
[Result "1/2-1/2"]
[WhiteElo "2410"]
[BlackElo "2540"]
[PlyCount "86"]
[EventDate "2010.??.??"]
[WhiteTeam "MKD"]
[BlackTeam "Mexico"]
[BlackTeamCountry "MEX"]
[TimeControl "40/5400+30:1800+30"]

1. e4 c5 2. Nf3 Nc6 3. Nc3 e6 4. d4 cxd4 5. Nxd4 Qc7 6. Nb3 a6 7. Bd3 b5 8. O-O
Nf6 9. f4 d6 10. Qf3 Bb7 11. a3 b4 12. axb4 Nxb4 13. Na5 Be7 14. Bd2 O-O 15.
Qe2 Nxd3 16. cxd3 Rab8 17. Rfc1 Qd7 18. Be1 Ba8 19. Bf2 Rb4 20. Rc2 Rfb8 21.
Ra2 h6 22. h3 Bd8 23. Qd2 d5 24. exd5 Nxd5 25. Nc4 Nxf4 26. Qxf4 Qxd3 27. b3
Rxb3 28. Qxf7+ Kh7 29. Ne5 Rb1+ 30. Nxb1 Rxb1+ 31. Be1 Rxe1+ 32. Kh2 Qf5 33.
Qxf5+ exf5 34. Nf3 Rd1 35. Rxa6 Be4 36. Rc8 Bb7 37. Rac6 Bxc8 38. Rxc8 Be7 39.
g4 Bd6+ 40. Kg2 fxg4 41. hxg4 Kg6 42. Rc2 Kf6 43. Rd2 Rxd2+ 1/2-1/2

[Event "39th Olympiad Khanty-Mansiysk 2010"]
[Site "Khanty-Mansiysk/Russia"]
[Date "2010.09.22"]
[Round "1"]
[White "Zawadzka, Jolanta"]
[Black "Mucha, Annegret"]
[Result "1/2-1/2"]
[WhiteElo "2410"]
[BlackElo "2005"]
[PlyCount "118"]
[EventDate "2010.??.??"]
[WhiteTeam "Poland"]
[BlackTeam "ICS"]
[WhiteTeamCountry "POL"]
[TimeControl "40/5400+30:1800+30"]

1. e4 c5 2. Nf3 d6 3. d4 cxd4 4. Nxd4 Nf6 5. Nc3 a6 6. Be3 e5 7. Nb3 Be6 8. Qd2
Be7 9. f4 Qc7 10. O-O-O Nbd7 11. h3 b5 12. g4 b4 13. Nd5 Bxd5 14. exd5 a5 15.
fxe5 Nxe5 16. Kb1 O-O 17. Nd4 Rfc8 18. Qg2 a4 19. Bb5 Nfd7 20. g5 Bf8 21. Rhf1
a3 22. b3 Qc3 23. Bc1 g6 24. Bxd7 Nxd7 25. Rd3 Qc5 26. Be3 Qc7 27. Nc6 Ne5 28.
Rd4 Nxc6 29. dxc6 Bg7 30. Rxb4 Qxc6 31. Qxc6 Rxc6 32. Rb7 Rf8 33. Bc1 Ra6 34.
c4 Be5 35. Kc2 f6 36. gxf6 Rxf6 37. Rxf6 Bxf6 38. b4 Ra8 39. Kb3 g5 40. Bxa3 h5
41. Rb5 Kf7 42. Rd5 Be5 43. b5 Ke6 44. Bc1 g4 45. hxg4 hxg4 46. Be3 g3 47. b6
Kd7 48. Rd2 Kc6 49. Rg2 Rf8 50. Kc2 Rf3 51. Kd2 Bf4 52. Bxf4 Rxf4 53. Rxg3 Rxc4
54. Rb3 Kb7 55. Kd3 Rc6 56. Kd4 Rxb6 57. Kd5 Rxb3 58. axb3 Kb6 59. Kxd6 Kb5
1/2-1/2

[Event "39th Olympiad Khanty-Mansiysk 2010"]
[Site "Khanty-Mansiysk/Russia"]
[Date "2010.09.22"]
[Round "1"]
[White "Peng, Zhaoqin"]
[Black "Vovk, Oksana"]
[Result "0-1"]
[WhiteElo "2400"]
[BlackElo "2157"]
[PlyCount "76"]
[EventDate "2010.??.??"]
[WhiteTeam "Netherlands"]
[BlackTeam "Denmark"]
[WhiteTeamCountry "NED"]
[BlackTeamCountry "DEN"]
[TimeControl "40/5400+30:1800+30"]

1. d4 Nf6 2. c4 e6 3. Nc3 Bb4 4. e3 c5 5. Nge2 cxd4 6. exd4 d5 7. a3 Be7 8. Nf4
dxc4 9. Bxc4 O-O 10. O-O Re8 11. Be3 Nc6 12. Rc1 a6 13. d5 exd5 14. Ncxd5 Nxd5
15. Nxd5 Bd6 16. Nb6 Rb8 17. Qh5 Ne5 18. Nxc8 Rxc8 19. Bb3 Rxc1 20. Rxc1 Qf6
21. Rd1 g6 22. Qg5 Qxg5 23. Bxg5 Bc5 24. h3 Kg7 25. Rd5 b6 26. Kf1 f6 27. Bd2
Re7 28. Ba4 Re6 29. b4 Bf8 30. Bb3 Rd6 31. Ke2 Nc6 32. Be3 b5 33. Bc5 Re6+ 34.
Be3 Rd6 35. Bb6 Re6+ 36. Kd2 Ne7 37. Bc7 Nxd5 38. Bxd5 Re7 0-1

[Event "39th Olympiad Khanty-Mansiysk 2010"]
[Site "Khanty-Mansiysk/Russia"]
[Date "2010.09.22"]
[Round "1"]
[White "Saibulatov, Daniyal"]
[Black "Koggala, W S V K."]
[Result "1-0"]
[WhiteElo "2400"]
[BlackElo "2026"]
[PlyCount "87"]
[EventDate "2010.??.??"]
[WhiteTeam "Belgium"]
[BlackTeam "Sri Lanka"]
[WhiteTeamCountry "BEL"]
[BlackTeamCountry "SRI"]
[TimeControl "40/5400+30:1800+30"]

1. e4 e6 2. d4 d5 3. Nd2 dxe4 4. Nxe4 Nd7 5. Nf3 Ngf6 6. Nxf6+ Nxf6 7. Ne5 Be7
8. Bd3 O-O 9. O-O b6 10. Nc6 Qd6 11. Qf3 Bd7 12. Nxe7+ Qxe7 13. Bg5 h6 14. Bh4
c5 15. dxc5 bxc5 16. Rfe1 Rac8 17. Rad1 Rfd8 18. b3 g5 19. Bg3 Bc6 20. Qe2 Nd5
21. Qh5 Qf8 22. Re5 Qg7 23. Rde1 Nf4 24. Bxf4 gxf4 25. Be4 Bxe4 26. R5xe4 Rd4
27. Qf3 Rxe4 28. Qxe4 Qd4 29. Kf1 Rd8 30. Qxd4 Rxd4 31. Ke2 f5 32. Rd1 Rxd1 33.
Kxd1 Kf7 34. Kd2 e5 35. c3 a5 36. g3 f3 37. Ke3 e4 38. g4 fxg4 39. Kxe4 Kf6 40.
Kf4 h5 41. a3 Ke6 42. b4 a4 43. Kg5 Kd5 44. Kxh5 1-0

[Event "39th Olympiad Khanty-Mansiysk 2010"]
[Site "Khanty-Mansiysk/Russia"]
[Date "2010.09.22"]
[Round "1"]
[White "Roselli Mailhe, Bernardo"]
[Black "Kanep, Meelis"]
[Result "1/2-1/2"]
[WhiteElo "2399"]
[BlackElo "2532"]
[PlyCount "124"]
[EventDate "2010.??.??"]
[WhiteTeam "Uruguay"]
[BlackTeam "Estonia"]
[WhiteTeamCountry "URU"]
[BlackTeamCountry "EST"]
[TimeControl "40/5400+30:1800+30"]

1. d4 Nf6 2. c4 e6 3. Nf3 d5 4. Nc3 Bb4 5. cxd5 exd5 6. Bg5 Nbd7 7. e3 c5 8.
Qc2 Qa5 9. Bd3 c4 10. Bf5 O-O 11. O-O Re8 12. Nd2 g6 13. Bxd7 Nxd7 14. Bh4 Nb6
15. e4 Bxc3 16. bxc3 Qa4 17. Qxa4 Nxa4 18. exd5 Nxc3 19. Nxc4 Nxd5 20. Rfe1
Rxe1+ 21. Rxe1 Be6 22. Nd6 b6 23. a3 h6 24. Bg3 a6 25. Rc1 Kf8 26. Ne4 f5 27.
Bd6+ Ke8 28. Nd2 Kd7 29. Be5 a5 30. Bg7 Rc8 31. Rxc8 Kxc8 32. Bxh6 Nc3 33. Kf1
Nb5 34. Bf8 Kd7 35. Ke2 Ke8 36. Bg7 Nxa3 37. Kd3 Bd5 38. f3 b5 39. Be5 Kd7 40.
Bg7 b4 41. Bf8 Kc6 42. g4 Be6 43. h3 Bc8 44. Ke3 Nc2+ 45. Kd3 Na3 46. Ke3 Kd5
47. Kf4 Nc4 48. Nb3 a4 49. Nc5 a3 50. Nb3 Nd6 51. h4 fxg4 52. fxg4 a2 53. Na1
Kc4 54. d5 Ne8 55. h5 gxh5 56. gxh5 b3 57. Ba3 Nf6 58. Bb2 Nxh5+ 59. Ke5 Ng3
60. d6 Ne2 61. Kf6 Nc3 62. Ke7 Na4 1/2-1/2

[Event "39th Olympiad Khanty-Mansiysk 2010"]
[Site "Khanty-Mansiysk/Russia"]
[Date "2010.09.22"]
[Round "1"]
[White "Bodnaruk, Anastasia"]
[Black "Kaya, Emel"]
[Result "1-0"]
[WhiteElo "2399"]
[BlackElo "2070"]
[PlyCount "109"]
[EventDate "2010.??.??"]
[WhiteTeam "RU2"]
[BlackTeam "Turkey"]
[BlackTeamCountry "TUR"]
[TimeControl "40/5400+30:1800+30"]

1. e4 c5 2. Nf3 g6 3. d4 cxd4 4. Qxd4 Nf6 5. e5 Nc6 6. Qa4 Nd5 7. Qe4 Nb6 8.
Nc3 d5 9. exd6 Bf5 10. Qh4 Qxd6 11. Nb5 Qb4+ 12. c3 Qxh4 13. Nxh4 O-O-O 14.
Nxf5 gxf5 15. Be2 a6 16. Na3 Ne5 17. O-O Rg8 18. Rb1 e6 19. Rd1 Rxd1+ 20. Bxd1
Nd3 21. Bh5 Nxc1 22. Rxc1 Bh6 23. Bxf7 Rxg2+ 24. Kxg2 Bxc1 25. Bxe6+ Kc7 26.
Bxf5 Bxb2 27. Nb1 h6 28. Kf3 Kd6 29. Be4 Kc7 30. Ke2 Bc1 31. Kd3 Nd7 32. Kc2
Bf4 33. h3 Nc5 34. Bg6 Kd6 35. Nd2 Kd5 36. Nf3 Ne6 37. Bf7 Ke4 38. Bxe6 Kxf3
39. Bd5+ Kxf2 40. Bxb7 a5 41. Kd3 Bc7 42. c4 Ke1 43. c5 Kd1 44. Ba6 Kc1 45. a4
Kb2 46. Kc4 Ka3 47. Kb5 Bd8 48. Bc8 Kb3 49. Be6+ Ka3 50. Bf7 Be7 51. c6 Bd8 52.
Be8 Bc7 53. Ka6 Kb4 54. Kb7 Bf4 55. c7 1-0

[Event "39th Olympiad Khanty-Mansiysk 2010"]
[Site "Khanty-Mansiysk/Russia"]
[Date "2010.09.22"]
[Round "1"]
[White "Odeev, Handszar"]
[Black "Hernandez Carmenates, Hol"]
[Result "1/2-1/2"]
[WhiteElo "2397"]
[BlackElo "2563"]
[PlyCount "85"]
[EventDate "2010.??.??"]
[WhiteTeam "Turkmenistan"]
[BlackTeam "Cuba"]
[WhiteTeamCountry "TKM"]
[BlackTeamCountry "CUB"]
[TimeControl "40/5400+30:1800+30"]

1. e4 c5 2. Nf3 d6 3. d4 cxd4 4. Nxd4 Nf6 5. Nc3 a6 6. Be3 Ng4 7. Bc1 Nc6 8.
Be2 Nf6 9. Be3 e6 10. g4 Qa5 11. Nb3 Qc7 12. g5 Nd7 13. Qd2 b5 14. a3 Be7 15.
h4 Rb8 16. f4 Nc5 17. Nd4 b4 18. axb4 Nxb4 19. O-O O-O 20. Bf3 Bb7 21. Bg2 Rfd8
22. f5 d5 23. e5 Ne4 24. Nxe4 dxe4 25. Qf2 Bd5 26. fxe6 fxe6 27. Qf7+ Kh8 28.
Nxe6 Bxe6 29. Qxe6 Bc5 30. Bxc5 Qxc5+ 31. Kh1 Re8 32. Qd6 Qxc2 33. e6 Nd3 34.
e7 Qc5 35. Qxc5 Nxc5 36. b4 Nb3 37. Rae1 Rxe7 38. Rxe4 Rxe4 39. Bxe4 g6 40. Bd5
Nd4 41. Rf6 Nc2 42. Rxa6 Nxb4 43. Ra8 1/2-1/2

[Event "39th Olympiad Khanty-Mansiysk 2010"]
[Site "Khanty-Mansiysk/Russia"]
[Date "2010.09.22"]
[Round "1"]
[White "Madl, Ildiko"]
[Black "Botsari, Anna-Maria"]
[Result "1-0"]
[WhiteElo "2397"]
[BlackElo "2302"]
[PlyCount "71"]
[EventDate "2010.??.??"]
[WhiteTeam "Hungary"]
[BlackTeam "Greece"]
[WhiteTeamCountry "HUN"]
[BlackTeamCountry "GRE"]
[TimeControl "40/5400+30:1800+30"]

1. e4 c5 2. Nf3 e6 3. d4 cxd4 4. Nxd4 Nc6 5. Nc3 Qc7 6. g3 a6 7. Bg2 d6 8. O-O
Bd7 9. Nb3 Nf6 10. a4 Be7 11. f4 Rc8 12. Kh1 h6 13. a5 Nb4 14. Be3 e5 15. Bb6
Qb8 16. Rc1 Rxc3 17. bxc3 Na2 18. fxe5 dxe5 19. Ra1 Nxc3 20. Qd3 Qc8 21. Nc5
Bxc5 22. Qxc3 Bd6 23. Qxc8+ Bxc8 24. Rfd1 Be7 25. Rd2 Be6 26. Bc7 Ng4 27. Rb1
Bg5 28. Rd6 Nf2+ 29. Kg1 Be3 30. Rd8+ Ke7 31. Rxh8 Nxe4+ 32. Kf1 Bc4+ 33. Ke1
Bf2+ 34. Kd1 Nc3+ 35. Kc1 Be3+ 36. Kb2 1-0

[Event "39th Olympiad Khanty-Mansiysk 2010"]
[Site "Khanty-Mansiysk/Russia"]
[Date "2010.09.22"]
[Round "1"]
[White "Djuraev, Sokhib"]
[Black "Kongsee, Uaychai"]
[Result "0-1"]
[WhiteElo "2397"]
[BlackElo "2235"]
[PlyCount "137"]
[EventDate "2010.??.??"]
[WhiteTeam "Tajikistan"]
[BlackTeam "Thailand"]
[WhiteTeamCountry "TJK"]
[BlackTeamCountry "THA"]
[TimeControl "40/5400+30:1800+30"]

1. e4 d6 2. d4 Nf6 3. Nc3 g6 4. f3 c6 5. Be3 Nbd7 6. a4 a5 7. Bc4 d5 8. Bb3 e6
9. Nh3 Bb4 10. Nf2 c5 11. dxc5 Bxc5 12. Qd2 Qb6 13. Bxc5 Nxc5 14. Qd4 Ncd7 15.
O-O-O Qxd4 16. Rxd4 dxe4 17. Nfxe4 Nxe4 18. Nxe4 Ne5 19. Rhd1 Ke7 20. Nd6 g5
21. Re4 Nc6 22. h4 h6 23. Rd5 Nb4 24. Nxc8+ Rhxc8 25. Rb5 Kf6 26. Bc4 Rc7 27.
b3 Nc6 28. g4 Rd8 29. f4 gxh4 30. Rh5 Kg7 31. Rxh4 Rd4 32. Rxd4 Nxd4 33. c3 Nc6
34. Rh5 e5 35. fxe5 Re7 36. g5 Kg6 37. gxh6 Re8 38. h7 Rh8 39. Rh1 Nxe5 40. Bd5
b6 41. Be4+ f5 42. Rg1+ Kxh7 43. Bxf5+ Kh6 44. Rh1+ Kg7 45. Rxh8 Kxh8 46. Kd2
Kg7 47. Ke3 Kf6 48. Ke4 Nf7 49. Bg4 b5 50. Kd5 bxa4 51. bxa4 Ke7 52. c4 Kd8 53.
Bh5 Ng5 54. Kc6 Ne4 55. Bg6 Nd2 56. c5 Kc8 57. Bf5+ Kb8 58. Be6 Ka7 59. Bd5 Nb1
60. Kd6 Nc3 61. Bc6 Kb8 62. Kd7 Nd1 63. Kd8 Nc3 64. Bd7 Nd5 65. Be6 Nb4 66. Kd7
Nd3 67. Kd6 Nb4 68. Bc4 Kb7 69. Kd7 0-1

[Event "39th Olympiad Khanty-Mansiysk 2010"]
[Site "Khanty-Mansiysk/Russia"]
[Date "2010.09.22"]
[Round "1"]
[White "Solomon, Stephen J"]
[Black "Pashikian, Arman"]
[Result "0-1"]
[WhiteElo "2396"]
[BlackElo "2639"]
[PlyCount "88"]
[EventDate "2010.??.??"]
[WhiteTeam "Australia"]
[BlackTeam "Armenia"]
[WhiteTeamCountry "AUS"]
[BlackTeamCountry "ARM"]
[TimeControl "40/5400+30:1800+30"]

1. e4 e5 2. Nf3 Nc6 3. Bb5 Nf6 4. O-O Nxe4 5. d4 Nd6 6. Bxc6 dxc6 7. dxe5 Nf5
8. Qxd8+ Kxd8 9. Nc3 Ke8 10. b3 a5 11. Bb2 Bb4 12. Rad1 Bxc3 13. Bxc3 c5 14. h3
h5 15. Rfe1 b6 16. Ng5 Rh6 17. f4 h4 18. Kf2 Bb7 19. Rd2 c4 20. e6 f6 21. Nf3
cxb3 22. cxb3 Rd8 23. Rxd8+ Kxd8 24. b4 Nd6 25. Rd1 Ke7 26. bxa5 Ne4+ 27. Kg1
Nxc3 28. Rd7+ Kxe6 29. Rxc7 Bxf3 30. Rxc3 Bd5 31. axb6 Rh8 32. Rc7 g6 33. a4
Ra8 34. b7 Rb8 35. Rg7 Kf5 36. Rh7 Rxb7 37. Rxh4 Rb2 38. Rg4 Rb4 39. g3 Rxa4
40. Kf2 Ra3 41. Ke1 Bg2 42. Kf2 Bxh3 43. Rh4 Ra2+ 44. Kf3 Bg4+ 0-1

[Event "39th Olympiad Khanty-Mansiysk 2010"]
[Site "Khanty-Mansiysk/Russia"]
[Date "2010.09.22"]
[Round "1"]
[White "Obodchuk, Andrei"]
[Black "Sveshnikov, Evgeny"]
[Result "1/2-1/2"]
[WhiteElo "2395"]
[BlackElo "2494"]
[PlyCount "34"]
[EventDate "2010.??.??"]
[WhiteTeam "IPC"]
[BlackTeam "Latvia"]
[BlackTeamCountry "LAT"]
[TimeControl "40/5400+30:1800+30"]

1. d4 d5 2. c4 e6 3. Nc3 c6 4. e3 Nd7 5. Nf3 Ngf6 6. Qc2 Be7 7. Bd3 O-O 8. O-O
b6 9. e4 dxe4 10. Nxe4 Bb7 11. Rd1 Nxe4 12. Bxe4 Nf6 13. Bd3 Qc7 14. c5 Rfd8
15. Bg5 h6 16. Bh4 bxc5 17. dxc5 Qa5 1/2-1/2

[Event "39th Olympiad Khanty-Mansiysk 2010"]
[Site "Khanty-Mansiysk/Russia"]
[Date "2010.09.22"]
[Round "1"]
[White "Wang, Yu"]
[Black "Reppen, Ellisiv"]
[Result "1-0"]
[WhiteElo "2394"]
[BlackElo "1954"]
[PlyCount "142"]
[EventDate "2010.??.??"]
[WhiteTeam "China"]
[BlackTeam "Norway"]
[WhiteTeamCountry "CHN"]
[BlackTeamCountry "NOR"]
[TimeControl "40/5400+30:1800+30"]

1. e4 e5 2. Bc4 Nf6 3. d3 Bc5 4. Nc3 d6 5. Na4 Bb6 6. Nxb6 axb6 7. Bg5 Be6 8.
Qf3 Bxc4 9. dxc4 Nbd7 10. Ne2 O-O 11. g4 Qe7 12. Rg1 Qe6 13. b3 c6 14. Nc3 Rfe8
15. Bd2 Nc5 16. g5 Nfd7 17. h4 Qe7 18. Ne2 Ne6 19. Ng3 Nd4 20. Qd1 Nc5 21. Be3
Rad8 22. c3 Nde6 23. b4 Na6 24. Bxb6 Nec7 25. Nf5 Qe6 26. b5 cxb5 27. cxb5 d5
28. bxa6 Qxb6 29. axb7 Qxb7 30. Qb3 Qa6 31. Rd1 Rb8 32. Qc2 dxe4 33. Qxe4 Qxa2
34. Rg3 Ne6 35. Nd6 Red8 36. Qxe5 Rb1 37. Rgd3 Qc2 38. Rxb1 Qxd3 39. Rd1 Qh3
40. Qg3 Qh1+ 41. Ke2 Qc6 42. Qe5 Qa6+ 43. c4 Qc6 44. f3 Qa6 45. h5 Rxd6 46.
Qxd6 Qxc4+ 47. Ke3 Qc3+ 48. Kf2 Qa5 49. Qb8+ Nf8 50. Qd8 Qc5+ 51. Kg2 Qe3 52.
Qd2 Qe5 53. Re1 Qf5 54. Re8 Qc5 55. Qe3 Qxe3 56. Rxe3 Ne6 57. Kg3 Kf8 58. Kg4
g6 59. h6 Ke7 60. Ra3 f5+ 61. gxf6+ Kxf6 62. Ra7 Nf8 63. f4 Ke6 64. Rg7 Kf6 65.
Kf3 Ke6 66. Kg3 Kf6 67. Kg4 Ke6 68. Kg5 Kd6 69. Kf6 Ne6 70. Rxh7 Nxf4 71. Rf7
Kd5 1-0

[Event "39th Olympiad Khanty-Mansiysk 2010"]
[Site "Khanty-Mansiysk/Russia"]
[Date "2010.09.22"]
[Round "1"]
[White "Klasan, Vladimir"]
[Black "Gopal, Geetha"]
[Result "0-1"]
[WhiteElo "2393"]
[BlackElo "2603"]
[PlyCount "60"]
[EventDate "2010.??.??"]
[WhiteTeam "ICS"]
[BlackTeam "India"]
[BlackTeamCountry "IND"]
[TimeControl "40/5400+30:1800+30"]

1. e4 c5 2. Nf3 d6 3. d4 cxd4 4. Qxd4 a6 5. Be2 Nc6 6. Qe3 g6 7. O-O Bg7 8. h3
Nf6 9. Rd1 Nd7 10. c4 O-O 11. Nc3 Nc5 12. Bd2 b6 13. Rac1 Bb7 14. b3 e6 15. Bf1
f5 16. exf5 gxf5 17. Qg5 Qc7 18. Qh4 Ne7 19. b4 Bxf3 20. gxf3 Ng6 21. Qg3 Nd7
22. f4 Kh8 23. Bg2 Rad8 24. Re1 Rde8 25. Qf3 Nh4 26. Qc6 Qd8 27. Bh1 Nb8 28.
Qb7 Re7 29. Qa8 Qe8 30. Re3 Qf7 0-1

[Event "39th Olympiad Khanty-Mansiysk 2010"]
[Site "Khanty-Mansiysk/Russia"]
[Date "2010.09.22"]
[Round "1"]
[White "Munoz, Lisandro"]
[Black "Kojima, Shinya"]
[Result "1/2-1/2"]
[WhiteElo "2391"]
[BlackElo "2334"]
[PlyCount "67"]
[EventDate "2010.??.??"]
[WhiteTeam "Dominican Republic"]
[BlackTeam "Japan"]
[WhiteTeamCountry "DOM"]
[BlackTeamCountry "JPN"]
[TimeControl "40/5400+30:1800+30"]

1. d4 d5 2. c4 c6 3. Nf3 Nf6 4. e3 Bg4 5. Qb3 Qb6 6. Nc3 e6 7. Nh4 Bh5 8. h3
Be7 9. g4 Bg6 10. Nxg6 hxg6 11. Bg2 Na6 12. Bd2 Nd7 13. Na4 Qxb3 14. axb3 f5
15. Ke2 Kf7 16. f3 Bf6 17. f4 Nc7 18. Nc3 Nb6 19. Kd3 Rhd8 20. Ne2 c5 21. Ba5
Na6 22. cxd5 exd5 23. Rhc1 Rac8 24. Nc3 cxd4 25. exd4 Rc6 26. b4 Rc4 27. Ne2
Nxb4+ 28. Bxb4 Rxb4 29. Rc7+ Kf8 30. g5 Na8 31. Rc2 Be7 32. Rxa7 Rb3+ 33. Nc3
Nc7 34. Re2 1/2-1/2

[Event "39th Olympiad Khanty-Mansiysk 2010"]
[Site "Khanty-Mansiysk/Russia"]
[Date "2010.09.22"]
[Round "1"]
[White "Lodhi, Mahmood"]
[Black "Sanon, Mondoly"]
[Result "1-0"]
[WhiteElo "2391"]
[BlackElo "2120"]
[PlyCount "85"]
[EventDate "2010.??.??"]
[WhiteTeam "Pakistan"]
[BlackTeam "Haiti"]
[WhiteTeamCountry "PAK"]
[BlackTeamCountry "HAI"]
[TimeControl "40/5400+30:1800+30"]

1. d4 e6 2. Nf3 d5 3. g3 Nf6 4. Bg2 c5 5. O-O cxd4 6. Nxd4 Nc6 7. c4 Be7 8. Nc3
O-O 9. cxd5 exd5 10. Be3 Nxd4 11. Bxd4 Be6 12. Qb3 b6 13. Rfd1 Ne4 14. Nxe4
dxe4 15. Qc2 Rc8 16. Qxe4 Qc7 17. e3 Rfd8 18. h4 h6 19. Bf3 Bf8 20. a3 Bd5 21.
Qxd5 Rxd5 22. Bxd5 Bd6 23. Kg2 Qe7 24. Rd2 Be5 25. Bf3 Rc7 26. h5 g5 27. hxg6
fxg6 28. Rad1 h5 29. b4 Kg7 30. Bxe5+ Qxe5 31. Rd5 Qe8 32. R1d4 Rf7 33. Rd8 Qe5
34. R8d6 Rf6 35. Rd7+ Kh6 36. Rxa7 g5 37. Be4 Rg6 38. Bxg6 Kxg6 39. Rad7 Qe8
40. e4 Kf6 41. f4 gxf4 42. gxf4 Qg8+ 43. Kh2 1-0

[Event "39th Olympiad Khanty-Mansiysk 2010"]
[Site "Khanty-Mansiysk/Russia"]
[Date "2010.09.22"]
[Round "1"]
[White "Akylbekov, Nasyr"]
[Black "Dekker, Marvin"]
[Result "1-0"]
[WhiteElo "2390"]
[BlackElo "2097"]
[PlyCount "109"]
[EventDate "2010.??.??"]
[WhiteTeam "Kyrgyzstan"]
[BlackTeam "Netherlands Antilles"]
[WhiteTeamCountry "KGZ"]
[BlackTeamCountry "AHO"]
[TimeControl "40/5400+30:1800+30"]

1. e4 c5 2. Nf3 d6 3. d4 cxd4 4. Nxd4 Nf6 5. Nc3 a6 6. Bc4 e6 7. Bb3 b5 8. f3
Be7 9. Be3 O-O 10. Qd2 Qc7 11. g4 Nc6 12. O-O-O Na5 13. g5 Nxb3+ 14. axb3 Nd7
15. h4 Nc5 16. Kb1 Bd7 17. Nf5 exf5 18. Nd5 Qd8 19. Nxe7+ Qxe7 20. Qxd6 Qxd6
21. Rxd6 Nxb3 22. Rxd7 Na5 23. exf5 Nc4 24. Bf4 Rfd8 25. Rhd1 Rxd7 26. Rxd7 Nb6
27. Rd4 Kf8 28. b3 Ke8 29. Be5 g6 30. f6 Rd8 31. Bd6 Nc8 32. Re4+ Kd7 33. Bc5
Kc6 34. b4 a5 35. c3 axb4 36. cxb4 Nd6 37. Bxd6 Rxd6 38. Kc2 Rd8 39. f4 Kb6 40.
Re7 Rf8 41. Kd3 Kc6 42. Ke4 Kd6 43. Kd4 Rd8 44. Ra7 Kc6+ 45. Ke4 Rf8 46. Ke5
Re8+ 47. Re7 Rf8 48. f5 gxf5 49. Kxf5 Kd5 50. h5 Kc4 51. Rxf7 Rxf7 52. g6 hxg6+
53. hxg6 Rxf6+ 54. Kxf6 Kxb4 55. g7 1-0

[Event "39th Olympiad Khanty-Mansiysk 2010"]
[Site "Khanty-Mansiysk/Russia"]
[Date "2010.09.22"]
[Round "1"]
[White "Eid, Fadi"]
[Black "Arias Santana, Mauricio"]
[Result "1/2-1/2"]
[WhiteElo "2387"]
[BlackElo "2345"]
[PlyCount "67"]
[EventDate "2010.??.??"]
[WhiteTeam "Lebanon"]
[BlackTeam "Costa Rica"]
[WhiteTeamCountry "LBN"]
[BlackTeamCountry "CRI"]
[TimeControl "40/5400+30:1800+30"]

1. a3 d5 2. e3 Nf6 3. c4 c6 4. Nf3 Bg4 5. h3 Bh5 6. cxd5 Nxd5 7. Nc3 e6 8. d4
Nd7 9. e4 N5b6 10. Be2 Be7 11. O-O O-O 12. Be3 Bg6 13. b4 f5 14. Qb3 Bf7 15.
Ne5 Nxe5 16. dxe5 fxe4 17. Bxb6 Qxb6 18. Bc4 e3 19. Rad1 exf2+ 20. Kh1 Qe3 21.
Nd5 Qg5 22. Nxe7+ Qxe7 23. Rxf2 Bh5 24. Bxe6+ Kh8 25. Rxf8+ Rxf8 26. Re1 Qg5
27. Qe3 Qxe3 28. Rxe3 Re8 29. Bb3 g5 30. Kh2 Kg7 31. h4 gxh4 32. Kh3 Bf7 33. e6
Bg6 34. Kxh4 1/2-1/2

[Event "39th Olympiad Khanty-Mansiysk 2010"]
[Site "Khanty-Mansiysk/Russia"]
[Date "2010.09.22"]
[Round "1"]
[White "Tania, Sachdev"]
[Black "Dewi, AA Citra"]
[Result "1-0"]
[WhiteElo "2382"]
[BlackElo "1987"]
[PlyCount "71"]
[EventDate "2010.??.??"]
[WhiteTeam "India"]
[BlackTeam "Indonesia"]
[WhiteTeamCountry "IND"]
[BlackTeamCountry "INA"]
[TimeControl "40/5400+30:1800+30"]

1. d4 Nf6 2. c4 e6 3. Nf3 b6 4. g3 Bb4+ 5. Bd2 Bxd2+ 6. Qxd2 Ba6 7. b3 c6 8.
Bg2 d5 9. Nc3 O-O 10. cxd5 cxd5 11. Rc1 Nbd7 12. O-O Rc8 13. Rc2 Qe7 14. Rfc1
h6 15. Bf1 Qd6 16. Nb5 Qb8 17. Nc7 Bb7 18. e3 a5 19. Bd3 Ne4 20. Qe2 Ndf6 21.
Ne5 Nc5 22. dxc5 Qxc7 23. c6 Qxe5 24. cxb7 Rb8 25. Rc7 Ne8 26. Rd7 Nf6 27. f4
Qh5 28. Qxh5 Nxh5 29. Rc6 Nf6 30. Rdc7 e5 31. fxe5 Ng4 32. Ba6 Nxe5 33. Rxb6
Rfe8 34. Rc8 Kf8 35. Rb5 Nd7 36. Rxd5 1-0

[Event "39th Olympiad Khanty-Mansiysk 2010"]
[Site "Khanty-Mansiysk/Russia"]
[Date "2010.09.22"]
[Round "1"]
[White "Macias Murillo, Bryan"]
[Black "Barrientos, Sergio E"]
[Result "0-1"]
[WhiteElo "2377"]
[BlackElo "2464"]
[PlyCount "94"]
[EventDate "2010.??.??"]
[WhiteTeam "Ecuador"]
[BlackTeam "Colombia"]
[WhiteTeamCountry "ECU"]
[BlackTeamCountry "COL"]
[TimeControl "40/5400+30:1800+30"]

1. e4 c5 2. Nf3 d6 3. Nc3 a6 4. g3 b5 5. Bg2 Bb7 6. d3 e6 7. O-O Be7 8. a3 Nd7
9. Ne2 Ngf6 10. Ng5 h6 11. Nh3 d5 12. f3 O-O 13. Nf2 Qb6 14. f4 dxe4 15. dxe4
Rad8 16. Qe1 c4 17. Kh1 Bc5 18. Nc3 e5 19. f5 Bd4 20. Ncd1 Bc6 21. Qe2 Nc5 22.
Re1 Qb7 23. h3 Bxf2 24. Nxf2 Rd4 25. Kh2 c3 26. Be3 cxb2 27. Bxd4 bxa1=Q 28.
Bxa1 Re8 29. Nd3 Ncxe4 30. Nb4 Rd8 31. Nxc6 Qxc6 32. Bxe5 Qc5 33. Bf4 Re8 34.
Qd3 Qxf5 35. a4 bxa4 36. Qxa6 g5 37. Bc7 Qf2 38. Re2 Qd4 39. Qc6 Re6 40. Qa8+
Kg7 41. Bd8 Nd5 42. Qa5 Ndc3 43. Re1 Qf2 44. Rxe4 Nxe4 45. Bc7 Nd2 46. Qc3+ Kg8
47. Qd3 Re2 0-1